 Dungeon Crawl Stone Soup version 0.29-a0-1027-gcd8c55af63 (webtiles) character file.

Game seed: 2450178926439939498

35 MisterAzrael the Grave Robber (level 3, -6/19 HPs)
             Began as a Deep Elf Necromancer on Aug 13, 2022.
             Was a Follower of Makhleb.
             Mangled by a gnoll
             ... wielding a +0 whip
              (7 damage)
             ... on level 1 of the Dungeon.
             The game lasted 00:00:53 (953 turns).

MisterAzrael the Grave Robber (Deep Elf Necromancer) Turns: 953, Time: 00:00:53

Health: -6/19      AC:  2    Str:  5    XL:     3   Next: 16%
Magic:  7/10       EV: 13    Int: 27    God:    Makhleb [*.....]
Gold:   28         SH:  0    Dex: 15    Spells: 8/9 levels left

rFire   . . .      SeeInvis .   (no weapon)
rCold   . . .      Faith    .   (no shield)
rNeg    . . .      Spirit   .   a - +0 robe
rPois   .          Reflect  .   (no helmet)
rElec   .          Harm     .   (no cloak)
rCorr   .          Rampage  .   (no gloves)
Will    .....                   (no boots)
Stlth   ++........              (no amulet)
HPRegen 0.06/turn               d - +6 ring of intelligence
MPRegen 0.12/turn               (no ring)

@: no status effects
A: no striking features
a: Renounce Religion


You were on level 1 of the Dungeon.
You worshipped Makhleb.
Makhleb was aware of your devotion.
You visited 1 branch of the dungeon, and saw 2 of its levels.

You collected 28 gold pieces.

Inventory:

Armour
 a - a +0 robe (worn)
Jewellery
 d - a +6 ring of intelligence (left hand)
Scrolls
 c - a scroll of immolation {unknown}
 e - a scroll of summoning {unknown}
Potions
 b - a potion of magic


   Skills:
 - Level 2.8 Dodging
 - Level 2.9 Stealth
 + Level 3.5 Spellcasting
 * Level 5.3 Necromancy
 + Level 0.6 Invocations


You had 8 spell levels left.
You knew the following spells:

 Your Spells              Type           Power      Damage    Failure   Level
a - Necrotise             Necr           100%       1d9       1%          1

Your spell library contained the following spells:

 Spells                   Type           Power      Damage    Failure   Level
 Vampiric Draining        Necr           33%        2d8       2%          3
 Animate Dead             Necr           33%        N/A       10%         4
 Tukima's Dance           Hex            4%         N/A       26%         3
 Agony                    Necr           33%        N/A       26%         5
 Passage of Golubria      Tloc           4%         N/A       63%         4
 Yara's Violent Unravell  Hex/Tmut       2%         3d3       93%         5


Dungeon Overview and Level Annotations

Branches:
Dungeon (2/15)

Altars:
Makhleb


Message History

There is a stone staircase leading down here.
The gnoll writhes in agony!
You kill the gnoll!
Makhleb accepts your kill.
You can't see any susceptible monsters within range! (Use Z to cast anyway.) Magic restored.
Your gnoll skeleton crumbles into dust!
HP restored.
Done exploring.
You climb downwards.
The gnoll hits you with a +0 whip. The gnoll closely misses you.
The hobgoblin hits you.
There is a stone staircase leading up here.
The gnoll hits you with a +0 whip. The gnoll hits you with a +0 flail.
The hobgoblin closely misses you.
You climb upwards.
There is a stone staircase leading down here.
You are too injured to fight recklessly!
You are too injured to fight recklessly!
Aiming: Necrotise (safe; 1% risk of failure)
Press: ? - help, Q - select action Shift-Dir - straight line, f - gnoll
Aim: a gnoll, wielding a +0 flail (chance to affect: 88%)
The gnoll writhes in agony!
The gnoll misses you. x2; The hobgoblin hits you.
* * * LOW HITPOINT WARNING * * *
Aiming: Necrotise (safe; 1% risk of failure)
Press: ? - help, Q - select action Shift-Dir - straight line, f/p - gnoll
Aim: a gnoll, wielding a +0 flail (heavily wounded, chance to affect: 88%)
The gnoll writhes in agony!
You kill the gnoll!
Makhleb accepts your kill.
The dead are walking!
The gnoll barely misses you. The hobgoblin hits you.
* * * LOW HITPOINT WARNING * * *
You have reached level 3!
Your experience leads to an increase in your attributes!
Your base attributes are Str 5, Int 19, Dex 15.
Increase (S)trength, (I)ntelligence, or (D)exterity?
You feel clever. x2
The hobgoblin attacks as you move away! The hobgoblin barely misses you.
The gnoll hits you with a +0 whip!
You die...

..........### # ............### #
............+.# # ............#.#
############# ..........###)#
##..........## ........### #.#
#.#...##...#.# #.....### #.#
##..#..##..#..# ........###
#.#####....#....#...#
..........###...@>#.....#..#....#
..~~~.......#.###gg..##..##..##.#
~~≈≈≈~~.....#.# #.Z..##..##..##.#
≈≈≈≈≈≈≈~....#.# #.......#..#.....
#############.# #..)...#....#...#
..............###.##..#..##..#..)
..................##.#...##...#..
#####.###############..........#.
#.# #........#.###


You could see a gnoll (ally target), a hobgoblin and a friendly gnoll skeleton.

Vanquished Creatures
  2 gnolls (D:1)
  2 ball pythons (D:1)
  2 endoplasms (D:1)
  2 giant cockroaches (D:1)
  A hobgoblin (D:1)
  2 bats (D:1)
  3 frilled lizards (D:1)
  A kobold (D:1)
  A rat (D:1)
16 creatures vanquished.

Vanquished Creatures (others)
  4 toadstools (D:2)
4 creatures vanquished.

Grand Total: 20 creatures vanquished

Notes
Turn   | Place    | Note
-------+----------+-------------------------------------------
     0 | D:1      | MisterAzrael the Deep Elf Necromancer began the quest for
                  | the Orb.
     0 | D:1      | Reached XP level 1. HP: 10/10 MP: 6/6
   469 | D:1      | Reached XP level 2. HP: 15/15 MP: 6/8
   619 | D:1      | Found a faded altar of an unknown god.
   622 | D:1      | Reached skill level 5 in Necromancy
   632 | D:1      | Prayed at the altar of an unknown god.
   632 | D:1      | Became a worshipper of Makhleb the Destroyer
   632 | D:1      | Reached * piety under Makhleb
   953 | D:1      | Reached XP level 3. HP: 1/19 MP: 7/10
   953 | D:1      | Mangled by a gnoll

Illustrated notes

Levels and vault maps discovered:
D:1:      nzn_arrival_depleted_hourglass, layout_basic, basic_ecumenical_altar,
          minivault_26, minmay_misc_feat_four_crosses
D:2:      layout_rooms, hangedman_feature_mirror, minmay_gold_behind_fungi

Skill      XL: |  1  2 |
---------------+-------+-----
Necromancy     | 5 |  5.3
Dodging        | |  2.8
Stealth        | |  2.9
Spellcasting   | |  3.5
Invocations    | |  0.6

Action                   || total
-------------------------++-------
Melee: Unarmed           ||     1
 Cast: Necrotise         ||    21
Armor: Robe              ||     1
Dodge: Dodged            ||    11

Table legend: (Time is in decaauts)
 A = Elapsed time spent in this place.
 B = Non-inter-level travel time spent in this place.
 C = Inter-level travel time spent in this place.
 D = Time resting spent in this place.
 E = Time spent auto-exploring this place.
 F = Levels seen in this place.
 G = Mean time per level.
                   A        B        C        D        E       F      G
               +--------+--------+--------+--------+--------+-----+--------+
         Total |    953 |    929 |     24 |      0 |    849 |   2 |  476.5 |
       Dungeon |    953 |    929 |     24 |      0 |    849 |   2 |  476.5 |
               +--------+--------+--------+--------+--------+-----+--------+

Top non-repeatable levels by time:
     D:1: 948 daAuts
     D:2: 5 daAuts
